 Dungeon Crawl Stone Soup version 0.28.0-1-gb440e238dd (webtiles) character file.

Game seed: 9204845621171096858

1328 KamiKatze the Magician (level 8, 0/41 HPs)
             Began as a Deep Elf Fire Elementalist on Feb 18, 2022.
             Was an Initiate of Sif Muna.
             Slain by a two-headed ogre (10 damage)
             ... on level 6 of the Dungeon on Feb 19, 2022.
             The game lasted 00:29:10 (4842 turns).

KamiKatze the Magician (Deep Elf Fire Elementalist) Turns: 4842, Time: 00:29:10

Health: 0/41       AC:  7    Str:  5    XL:     8   Next: 34%
Magic:  14/30      EV: 13    Int: 25    God:    Sif Muna [......]
Gold:   259        SH:  0    Dex: 15    Spells: 4/22 levels left

rFire   + . .      SeeInvis .   w - +2 whip (elec)
rCold   + + .      Faith    .   (no shield)
rNeg    . . .      Spirit   .   j - +4 robe of Refuge {rC++ MP+9 Int+2}
rPois   .          Reflect  .   n - +0 helmet
rElec   .          Harm     .   (no cloak)
rCorr   +          Rampage  .   (no gloves)
Will    .....                   (no boots)
Stlth   ++........              (no amulet)
HPRegen 0.13/turn               f - ring of protection from fire
MPRegen 0.22/turn               q - ring of resist corrosion

@: no status effects
A: no striking features
a: Renounce Religion


You were on level 6 of the Dungeon.
You worshipped Sif Muna.
Sif Muna was noncommittal.
You visited 2 branches of the dungeon, and saw 7 of its levels.

You collected 294 gold pieces.
You spent 35 gold pieces at shops.

Inventory:

Hand Weapons
 v - a +0 spear
 w - a +2 whip of electrocution (weapon)
Missiles
 t - 6 datura-tipped darts
 B - 6 poisoned darts
Armour
 a - a +0 robe
 j - the +4 robe of Refuge (worn) {rC++ MP+9 Int+2}
   (You found it on level 2 of the Dungeon)

   Int:       It affects your intelligence (+2).
   rC:        It greatly protects you from cold.
   MP:        It affects your magic capacity (+9).
 l - a +2 buckler
 n - a +0 helmet (worn)
Jewellery
 f - a ring of protection from fire (left hand)
 q - a ring of resist corrosion (right hand)
 x - a ring of positive energy
Wands
 e - a wand of acid (6)
 i - a wand of flame (15)
 A - a wand of mindburst (13)
 C - a wand of polymorph (9)
Scrolls
 c - 2 scrolls of enchant armour {unknown}
 g - 2 scrolls of magic mapping
 h - 5 scrolls of vulnerability {unknown}
 k - 2 scrolls of teleportation {unknown}
 o - a scroll of silence {unknown}
 p - a scroll of fear {unknown}
 s - a scroll of immolation {unknown}
 y - 2 scrolls of identify
 z - a scroll of blinking {unknown}
Potions
 b - a potion of attraction
 d - a potion of mutation
 m - a potion of lignification
 r - a potion of curing
 u - a potion of magic


   Skills:
 - Level 3.0 Dodging
 - Level 3.0 Stealth
 * Level 7.8 Spellcasting
 * Level 5.8 Conjurations
 * Level 6.8 Fire Magic
 * Level 1.9 Ice Magic
 * Level 1.6 Air Magic
 * Level 1.2 Earth Magic


You had 4 spell levels left.
You knew the following spells:

 Your Spells              Type           Power      Damage    Failure   Level
a - Foxfire               Conj/Fire      100%       2x1d9     1%          1
b - Scorch                Fire           88%        2d9       1%          2
c - Stone Arrow           Conj/Erth      54%        3d10      4%          3
d - Flame Wave            Conj/Fire      41%        2d9       4%          4
e - Freezing Cloud        Conj/Ice/Air   12%        6-21      43%         5
u - Conjure Flame         Conj/Fire      41%        6-21      1%          3

Your spell library contained the following spells:

 Spells                   Type           Power      Damage    Failure   Level
 Inner Flame              Hex/Fire       26%        N/A       4%          3
 Animate Armour           Summ/Erth      24%        N/A       43%         4
 Simulacrum               Ice/Necr       7%         N/A       99%         6
 Lehudib's Crystal Spear  Conj/Erth      13%        10d5      100%        8
 Polar Vortex             Ice            9%         N/A       100%        9


Dungeon Overview and Level Annotations

Branches:
Dungeon (6/15)             Temple (1/1) D:6

Altars:
Cheibriados
Elyvilon
Fedhas
Gozag
Hepliaklqana
Kikubaaqudgha
Makhleb
Nemelex Xobeh
Okawaru
Qazlal
Ru
Sif Muna
Trog
Uskayaw
Wu Jian
Xom
Yredelemnul

Shops:
D:1 ?   D:5 (

Annotations:
D:5 fly?


Message History

Confirm with . or Enter, or press ? or * to list all spells.
You conjure some foxfire!
The foxfire hits the gnoll!
The gnoll is severely wounded.
The foxfire hits the howler monkey skeleton.
The howler monkey skeleton is moderately damaged.
The foxfire hits the howler monkey skeleton.
The howler monkey skeleton is moderately damaged.
A gnoll shaman comes into view.
It is wielding a +0 club and wearing a +2 robe of willpower.
Casting: Foxfire (safe; 1% risk of failure)
Confirm with . or Enter, or press ? or * to list all spells.
You conjure some foxfire!
The foxfire hits the two-headed ogre.
The two-headed ogre is lightly wounded.
The foxfire hits the gnoll!
You kill the gnoll!
Sif Muna accepts your kill.
The two-headed ogre hits you with a +0 giant spiked club!
The two-headed ogre barely misses you.
Casting: Foxfire (safe; 1% risk of failure)
Confirm with . or Enter, or press ? or * to list all spells.
Flames lash the two-headed ogre.
The two-headed ogre is moderately wounded.
The two-headed ogre's fire resistance burns away.
The foxfire hits the two-headed ogre!
The two-headed ogre is burned terribly!
The two-headed ogre is heavily wounded.
The foxfire hits the howler monkey skeleton!
The howler monkey skeleton is severely damaged.
Unknown command.
Casting: Scorch (safe; 1% risk of failure)
Confirm with . or Enter, or press ? or * to list all spells.
Flames lash the two-headed ogre.
The two-headed ogre is burned terribly!
The two-headed ogre is almost dead.
The two-headed ogre closely misses you.
The two-headed ogre hits you with a +0 giant club!
* * * LOW HITPOINT WARNING * * *
Casting: Scorch (safe; 1% risk of failure)
Confirm with . or Enter, or press ? or * to list all spells.
Flames lash the two-headed ogre.
The two-headed ogre is burned terribly!
The two-headed ogre is almost dead.
The two-headed ogre hits you with a +0 giant spiked club!
You die...

..... .... ....
# . ..## .#..
.. ...##....
...####.......8
..)............
...g...@Z......
..).###O###....
. ###...)..#.
#<..###.##
#.#.# #.#.#
#.#.. #.###.
... ..


You could see a two-headed ogre (combustible), a gnoll shaman and a howler
monkey skeleton.

Vanquished Creatures
  Pikel (D:4)
  Grinder (D:3)
  A sky beast (D:5)
  An ogre (D:6)
  4 lemures
  A scorpion (D:6)
  A water moccasin skeleton (D:4)
  2 bullfrog skeletons
  A hound (D:5)
  3 iguanas
  Robin (D:3)
  9 gnolls
  4 adders
  An ufetubus (D:3)
  An adder skeleton (D:4)
  2 worms
  2 dart slugs
  4 orcs
  5 ball pythons
  6 endoplasms
  2 giant cockroaches (D:2)
  15 goblins
  11 hobgoblins
  9 quokkas
  5 bats
  8 frilled lizards
  3 kobolds
  9 rats
113 creatures vanquished.

Vanquished Creatures (others)
  299 foxfires
299 creatures vanquished.

Grand Total: 412 creatures vanquished

Notes
Turn   | Place    | Note
-------+----------+-------------------------------------------
     0 | D:1      | KamiKatze the Deep Elf Fire Elementalist began the quest
                  | for the Orb.
     0 | D:1      | Reached XP level 1. HP: 10/10 MP: 6/6
   230 | D:1      | Reached XP level 2. HP: 14/15 MP: 6/8
   234 | D:1      | Learned a level 2 spell: Scorch
   640 | D:1      | Found Udewir's Magic Scroll Boutique.
   653 | D:1      | Bought a scroll of magic mapping for 35 gold pieces
   884 | D:2      | Found a shimmering altar of Xom.
   896 | D:2      | Reached XP level 3. HP: 19/19 MP: 6/10
   981 | D:2      | Learned a level 3 spell: Conjure Flame
  1191 | D:2      | Reached skill level 4 in Spellcasting
  1203 | D:2      | Reached XP level 4. HP: 24/24 MP: 1/12
  1359 | D:2      | Identified the +4 robe of Refuge {rC++ MP+9 Int+2}
  1501 | D:2      | Learned a level 4 spell: Flame Wave
  1779 | D:2      | Found a faded altar of an unknown god.
  1969 | D:3      | Noticed Grinder
  2075 | D:3      | Noticed Robin
  2090 | D:3      | Reached XP level 5. HP: 28/28 MP: 13/13
  2095 | D:3      | Killed Robin
  2266 | D:3      | Found a blossoming altar of Fedhas.
  2440 | D:3      | Paralysed by Grinder for 4 turns
  2445 | D:3      | Killed Grinder
  2446 | D:3      | Reached skill level 5 in Spellcasting
  2446 | D:3      | Reached skill level 5 in Fire Magic
  2446 | D:3      | Reached XP level 6. HP: 32/32 MP: 16/16
  2566 | D:4      | Noticed Pikel
  3459 | D:4      | Killed Pikel
  3460 | D:4      | Reached skill level 7 in Spellcasting
  3460 | D:4      | Reached skill level 5 in Conjurations
  3460 | D:4      | Reached XP level 7. HP: 36/36 MP: 19/19
  3601 | D:5      | Entered Level 5 of the Dungeon
  3801 | D:5      | Learned a level 5 spell: Freezing Cloud
  3874 | D:5      | Reached skill level 1 in Ice Magic
  3874 | D:5      | Reached XP level 8. HP: 41/41 MP: 21/21
  3961 | D:5      | Found Biwk's Weapon Emporium.
  4153 | D:5      | Reached skill level 1 in Air Magic
  4157 | D:5      | Learned a level 3 spell: Stone Arrow
  4606 | D:6      | Found a staircase to the Ecumenical Temple.
  4616 | Temple   | Entered the Ecumenical Temple
  4756 | Temple   | Became a worshipper of Sif Muna the Loreminder
  4832 | D:6      | Reached skill level 1 in Earth Magic
  4832 | D:6      | Noticed a two-headed ogre
  4842 | D:6      | Slain by a two-headed ogre

Illustrated notes

Levels and vault maps discovered:
D:1:      beargit_arrival_diablo_church, layout_basic, serial_shops, shop
D:2:      layout_basic, basic_altar, shapermc_ecumenical_altar_pompeii
D:3:      layout_rooms, old_standard_altar, uniq_robin, uniq_grinder
D:4:      layout_basic, uniq_pikel
D:5:      layout_basic, serial_shops, nicolae_shop_bloodbath_and_beyond,
          hex_tiny, lemuel_another_geyser
D:6:      layout_rooms, grunt_dithmenos_smoke_and_mirrors, marbit_many_paths,
          minmay_temple_entry_gardened_gates, nicolae_stop_n_shop_1,
          uniq_duvessa
Temple:   regret_index_temple_sphere_string

Skill      XL: |  1  2  3  4  5  6  7  8 |
---------------+-------------------------+-----
Conjurations   | 2 3 5 |  5.8
Spellcasting   | 4 5 7 |  7.8
Fire Magic     | 4 5 6 |  6.8
Stealth        | 3 |  3.0
Dodging        | 3 |  3.0
Ice Magic      | 1 |  1.9
Air Magic      | 1 |  1.6
Earth Magic    | 1 |  1.2

Action                   |  1- 3 |  4- 6 |  7- 9 || total
-------------------------+-------+-------+-------++-------
 Cast: Foxfire           |    55 |    97 |    37 ||   189
       Scorch            |     8 |    20 |     7 ||    35
       Conjure Flame     |       |       |     3 ||     3
       Stone Arrow       |       |       |     2 ||     2
  Use: Scroll            |       |     2 |     3 ||     5
Armor: Robe              |     4 |     9 |     1 ||    14
Dodge: Dodged            |     9 |    16 |     5 ||    30
